Map: Écho EC

Players

DarKMatteR - Winner!

  • Race: Zerg Zerg

AgCl

  • Race: Protoss Protoss

VOD

Have the link to the VOD?

Description

Time

  • Played on: May 15, 2015, 7:31 p.m.
  • Length: 5:43
Show
View Real Time Build Order
Export as new Build Order

DarKMatteR Zerg - Winner!

Build Orders: 3 Hatch before Pool 

Get SALT Encoding   

  12  0:01  Drone  
  13  0:12  Overlord  
  13  0:17  Drone  
  14  0:30  Drone x2  
  16  0:36  Drone  
  17  0:44  Drone  
  18  0:58  Drone  
  19  1:08  Hatchery  
  18  1:22  Hatchery  
  17  1:25  Extractor  
  16  1:37  Spawning Pool  
  15  1:42  Drone  
  15  1:44  Drone  
  17  1:49  Drone  
  18  2:04  Drone  
  18  2:06  Drone  
  20  2:17  Drone  
  21  2:26  Drone x2  
  21  2:28  Queen  
  25  2:32  Queen  
  25  2:36  Overlord  
  28  2:37  Metabolic Boost  
  28  2:46  Overlord  
  28  2:57  Drone, Zergling x4  
  30  2:58  Drone  
  30  3:05  Drone  
  32  3:11  Drone  
  33  3:28  Zergling x6  
  33  3:32  Zergling x2  
  33  3:33  Spine Crawler  
  35  3:37  Zergling x4  
  35  3:40  Zergling x4  
  35  3:41  Zergling x8  
  43  3:45  Zergling x2  
  43  3:48  Zergling x2  
  43  3:55  Zergling x2  
  43  4:07  Overlord x2  
  43  4:17  Overlord  
  43  4:24  Hatchery  
  43  4:27  Drone x2  
  43  4:28  Drone x6  
  50  4:32  Drone  
  51  4:43  Drone x2  
  53  4:46  Spore Crawler  
  53  4:47  Spore Crawler  
  53  4:49  Spore Crawler  
  53  4:50  Queen  
  48  4:57  Drone x2  
  48  4:58  Drone  
  44  5:01  Drone  
  44  5:04  Drone  
  45  5:08  Drone x2  
  45  5:13  Drone x2  
  49  5:15  Drone  
  50  5:23  Overlord  
  52  5:29  Drone x2  
Show
View Real Time Build Order
Export as new Build Order

AgCl Protoss 

Build Orders: Oracle Opening, Oracle Opening 

Get SALT Encoding   

  12  0:15  Pylon  
  12  0:23  Probe  
  12  0:27  Assimilator  
  13  0:40  Probe  
  14  0:45  Gateway  
  14  0:52  Probe (Chrono Boost)  
  15  1:03  Probe (Chrono Boost)  
  16  1:09  Probe (Chrono Boost)  
  17  1:33  Zealot (Chrono Boost)  
  17  1:34  Probe  
  17  1:35  Gateway  
  17  1:36  Forge  
  20  1:44  Assimilator  
  20  1:50  Cybernetics Core  
  20  1:53  Probe  
  21  2:08  Pylon  
  21  2:20  Pylon  
  21  2:21  Probe (Chrono Boost)  
  24  2:33  Mothership Core (Chrono Boost), Zealot (Chrono Boost)  
  24  2:35  Adept (Chrono Boost)  
  28  2:47  Probe  
  29  3:07  Stargate  
  29  3:09  Probe (Chrono Boost)  
  29  3:12  Warp Gate (Chrono Boost)  
  30  3:13  Pylon  
  30  3:23  Probe (Chrono Boost)  
  31  3:31  Probe  
  32  3:43  Gateway  
  32  3:49  Probe  
  32  3:52  Oracle (Chrono Boost)  
  36  4:01  Probe  
  31  4:17  Pylon  
  31  4:18  Twilight Council  
  30  4:36  Nexus  
  30  4:41  Probe  
  31  4:57  Photon Cannon  
  31  4:58  Photon Cannon  
  30  5:08  Mothership Core (Chrono Boost)  
  33  5:16  Adept  
  33  5:19  Pylon  
  35  5:25  Gateway  
  35  5:27  Pylon  
Tags
 
Add a new tag
Caveats
  • Supply blocks, unpowered buildings, or Contaminate may cause inaccurate times.
  • Supply counts are checked every 10 seconds.